 Dungeon Crawl Stone Soup version 0.25-a0-161-gb7fd73da8f (webtiles) character file.

Game seed: 5470309533501534953, levelgen mode: deterministic

1836 Leeroy the Fighter (level 8, -8/79 HPs)
             Began as a White Draconian Skald on Nov 21, 2019.
             Was an Initiate of Okawaru.
             Mangled by a warg (12 damage)
             ... on level 9 of the Dungeon.
             The game lasted 00:14:02 (7136 turns).

Leeroy the Fighter (White Draconian Skald)          Turns: 7136, Time: 00:14:02

Health: -8/79      AC:  6    Str: 14    XL:     8   Next: 87%
Magic:  9/11       EV: 16    Int: 15    God:    Okawaru [......]
Gold:   402        SH:  0    Dex: 11    Spells: 2/11 levels left

rFire    . . .     SeeInvis .   x - +1 dagger (elec)
rCold    + . .     Gourm    .   (no shield)
rNeg     . . .     Faith    .   (armour unavailable)
rPois    .         Spirit   .   (helmet restricted)
rElec    .         Reflect  .   (no cloak)
rCorr    .         Harm     .   (no gloves)
MR       .....                  (no boots)
Stlth    +++.......             (no amulet)
HPRegen  0.23/turn              (no ring)
MPRegen  0.12/turn              (no ring)

@: short of breath, heroism
A: breathe frost, unfitting armour, cold resistance 1, cold-blooded, AC +6
a: Breathe Frost, Renounce Religion


You were on level 9 of the Dungeon.
You worshipped Okawaru.
Okawaru was noncommittal.
You were very hungry.

You visited 2 branches of the dungeon, and saw 10 of its levels.

You collected 402 gold pieces.

Inventory:

Hand Weapons
 a - a +0 falchion
 p - a +1 flail of holy wrath
 x - a +1 dagger of electrocution (weapon)
Missiles
 h - 29 poisoned darts (quivered)
 s - 3 throwing nets
 A - 3 boomerangs
 E - 2 boomerangs of dispersal
Magical Staves
 F - an uncursed staff of air {unknown}
Jewellery
 r - a +2 ring of intelligence {unknown}
 v - an uncursed ring of stealth {unknown}
 y - an uncursed amulet of rage {unknown}
 z - an uncursed ring of resist corrosion {unknown}
 C - a +4 ring of evasion {unknown}
Wands
 B - a wand of paralysis (5)
 D - a wand of iceblast (7)
Scrolls
 b - 2 scrolls of fear {unknown}
 e - 8 scrolls of remove curse {unknown}
 f - 7 scrolls of identify {unknown}
 g - a scroll of random uselessness {unknown}
 j - 2 scrolls of fog {unknown}
 k - 2 scrolls of magic mapping {unknown}
 m - a scroll of immolation {unknown}
 o - a scroll of enchant armour {unknown}
 w - 3 scrolls of teleportation {unknown}
Potions
 d - 2 potions of lignification {unknown}
 i - 2 potions of heal wounds {unknown}
 l - 2 potions of resistance {unknown}
 n - 3 potions of curing {unknown}
 q - 3 potions of brilliance {unknown}
 t - 2 potions of flight {unknown}
 u - 3 potions of agility
Comestibles
 c - 16 rations


   Skills:
 - Level 10.0(15.0) Fighting
 - Level 1.0(6.6) Short Blades
 - Level 2.0(7.1) Long Blades
 + Level 3.8(8.8) Dodging
 - Level 2.0 Spellcasting
 - Level 4.4 Hexes
 - Level 4.0 Charms


You had 2 spell levels left.
You knew the following spells:

 Your Spells              Type           Power        Failure   Level  Hunger
a - Infusion              Chrm           ##..         4%          1    #......
b - Spectral Weapon       Hex/Chrm       ##......     12%         3    ###....
c - Shroud of Golubria    Chrm/Tloc      #.....       14%         2    ###....
d - Regeneration          Chrm/Necr      #.........   28%         3    ###....

Your spell library contained the following spells:

 Spells                   Type           Power        Failure   Level  Hunger
 Song of Slaying          Chrm           ##......     6%          2    ###....


Dungeon Overview and Level Annotations

Branches:
Dungeon (9/15)             Temple (1/1) D:6            Lair (0/6) D:8
    Orc: D:9-12

Altars:
Dithmenos
Fedhas
Gozag
Hepliaklqana
Makhleb
Nemelex Xobeh
Okawaru
Qazlal
Sif Muna
Trog
Uskayaw
Vehumet
Wu Jian
Xom
Zin

Shops:
D:7 *


Innate Abilities, Weirdness & Mutations

You can breathe waves of freezing cold.
You can buffet flying creatures when you breathe cold.
Your icy white scales are hard. (AC +6)
You cannot fit into any form of body armour.
Your flesh is cold resistant. (rC+)
You are cold-blooded and may be slowed by cold attacks.


Message History

The warg is heavily wounded.
The warg closely misses you.
You closely miss the warg.
The warg is heavily wounded.
The warg bites you!
* * * LOW HITPOINT WARNING * * *
You hit the warg.
The warg is severely wounded.
The warg bites you!
* * * LOW HITPOINT WARNING * * *
You hit the warg.
The warg is severely wounded.
You feel yourself speed up. The warg closely misses you.
The warg bites you but does no damage.
Press: ? - help, Shift-Dir - straight line, f - warg
Aim: a warg (severely wounded)
You exhale a wave of freezing cold.
The freezing breath misses the warg.
You are feeling very hungry.
The warg bites you!
You die...

###########
#rh@.......
#<#########
#.# ..#
####


You could see a warg and a quokka.

Vanquished Creatures
  Sigmund (D:3)
  2 sky beasts (D:5)
  A phantom (D:5)
  An ice beast (D:6)
  An ogre (D:5)
  A big kobold (D:7)
  3 bullfrogs
  A water moccasin zombie (D:5)
  2 howler monkeys
  A crimson imp (D:5)
  A centaur zombie (D:5)
  A hound (D:6)
  An orc priest (D:7)
  2 orc wizards
  A bullfrog skeleton (D:6)
  4 worker ants
  2 iguanas
  2 worker ant zombies
  13 gnolls
  12 adders
  7 river rats (D:5)
  A shadow imp (D:6)
  An ooze (D:1)
  A worm (D:4)
  A dart slug (D:3)
  4 leopard geckos
  20 orcs
  4 giant cockroaches
  9 goblins
  10 hobgoblins
  6 jackals
  10 kobolds
  7 quokkas
  5 ball pythons
  8 bats
  3 frilled lizards
  A giant cockroach zombie (D:6)
  2 leopard gecko skeletons
  A leopard gecko zombie (D:6)
  2 quokka skeletons (D:4)
  23 rats
179 creatures vanquished.

Notes
Turn   | Place    | Note
-------+----------+-------------------------------------------
     0 | D:1      | Leeroy the Draconian Skald began the quest for the Orb.
     0 | D:1      | Reached XP level 1. HP: 17/17 MP: 3/3
   132 | D:1      | Reached skill level 3 in Fighting
   170 | D:1      | Reached XP level 2. HP: 25/26 MP: 5/5
   599 | D:2      | Reached XP level 3. HP: 33/33 MP: 6/6
   635 | D:2      | Reached skill level 4 in Fighting
   677 | D:2      | Found a burning altar of Makhleb.
  1195 | D:2      | Reached XP level 4. HP: 15/41 MP: 3/7
  1274 | D:2      | Reached skill level 5 in Fighting
  1748 | D:2      | Found a bloodstained altar of Trog.
  1920 | D:3      | Learned a level 3 spell: Spectral Weapon
  1923 | D:3      | Learned a level 2 spell: Shroud of Golubria
  2020 | D:3      | Reached skill level 6 in Fighting
  2020 | D:3      | Reached XP level 5. HP: 5/50 MP: 5/8
  2466 | D:3      | Found a shimmering altar of Xom.
  2577 | D:3      | Noticed a +0 hand axe
  2577 | D:3      | Noticed a +0 dagger
  2591 | D:3      | Found a hide-covered altar of Uskayaw.
  2639 | D:3      | Noticed Sigmund
  2650 | D:3      | Killed Sigmund
  2650 | D:3      | Reached skill level 7 in Fighting
  2650 | D:3      | Reached XP level 6. HP: 15/60 MP: 5/9
  2658 | D:3      | Learned a level 3 spell: Regeneration
  2987 | D:4      | Found a sparkling altar of Nemelex Xobeh.
  3128 | D:4      | Reached skill level 1 in Short Blades
  3684 | D:5      | Entered Level 5 of the Dungeon
  3749 | D:5      | Found a radiant altar of Vehumet.
  3839 | D:5      | Your scales start taking on an icy white colour.
  3839 | D:5      | Reached XP level 7. HP: 60/67 MP: 10/10
  3839 | D:5      | Gained mutation: Your flesh is cold resistant. (rC+) [White
                  | Draconian growth]
  3883 | D:5      | Found a hazy altar of Hepliaklqana.
  3899 | D:5      | Reached skill level 1 in Hexes
  4806 | D:5      | Reached XP level 8. HP: 42/74 MP: 11/11
  5088 | D:5      | Reached skill level 8 in Fighting
  5396 | D:6      | Found a shimmering blue altar of Sif Muna.
  5481 | D:6      | Reached skill level 9 in Fighting
  6176 | D:6      | Found a staircase to the Ecumenical Temple.
  6188 | Temple   | Entered the Ecumenical Temple
  6258 | Temple   | Became a worshipper of Warmaster Okawaru
  6592 | D:6      | Reached skill level 10 in Fighting
  6633 | D:7      | Found a stormy altar of Qazlal.
  6640 | D:7      | Found a blossoming altar of Fedhas.
  6710 | D:7      | Found Iblucwer's General Store.
  6837 | D:7      | Reached * piety under Okawaru
  7092 | D:8      | Found an ornate altar of the Wu Jian Council.
  7116 | D:8      | Found a staircase to the Lair.
  7117 | D:8      | Noticed a hippogriff
  7136 | D:9      | Mangled by a warg

Levels and vault maps discovered:
D:1:      sevenhm_arrival_forest_fort_large_4, layout_rooms
D:2:      layout_loops_ring, old_standard_altar, first_ration,
          grunt_decor_fettered, trog_book
D:3:      layout_loops_ring, nicolae_overflow_crystal_walls,
          dancing_weapons_uskayaw, uniq_sigmund
D:4:      minmay_chambers_of_fours, layout_loops_ring,
          nemelex_xobeh_ov_fountains_minmay
D:5:      lemuel_ratsnest, layout_layer_cave, kennysheep_little_box,
          overflow_temple_1_default
D:6:      layout_rooms, kennysheep_mini, minmay_temple_entry_glass
D:7:      layout_rooms, grunt_temple_overflow_forces_of_nature, serial_shops,
          nicolae_shop_trees, skrybe_limestone_x
D:8:      layout_basic, old_standard_altar, cheibrodos_worm_habitat,
          erik_lair_orcish_takeover
D:9:      layout_loops_ring, lemuel_doored_altar, ebering_ghost_reflecting_pool,
          hangedman_fish_farm, minmay_microvault, uniq_erica
Temple:   dpeg_chambers_temple

Skill      XL: |  1  2  3  4  5  6  7  8 |
---------------+-------------------------+-----
Fighting       | 3 4 6 7 10 | 10.0
Short Blades   | 1 |  1.0
Charms         | 3 4 |  4.0
Hexes          | 4 |  4.4
Dodging        | 3 |  3.8
Long Blades    | |  2.0
Spellcasting   | |  2.0

Action                   |  1- 3 |  4- 6 |  7- 9 || total
-------------------------+-------+-------+-------++-------
Melee: Falchion          |    85 |   129 |   144 ||   358
       Tailslap          |    10 |    31 |    36 ||    77
       Dagger            |       |   108 |   137 ||   245
       Flail             |       |       |    40 ||    40
Throw: Dart              |       |     3 |       ||     3
 Cast: Infusion          |     3 |     2 |       ||     5
       Shroud of Golubri |       |     2 |     4 ||     6
       Spectral Weapon   |       |     1 |     3 ||     4
Invok: Heroism           |       |       |     1 ||     1
 Abil: Breathe Frost     |       |       |    13 ||    13
 Stab: Sleeping          |     1 |     1 |       ||     2
  Eat: Chunk             |       |     6 |     7 ||    13
       Ration            |       |     1 |     2 ||     3
Armor: Skin              |    19 |    67 |   104 ||   190
Dodge: Dodged            |    71 |   141 |   231 ||   443
       Rpst.: Falchion   |    19 |    21 |    29 ||    69

Table legend:
 A = Non-vault XP
 B = Vault XP
 C = Vault XP percentage of total XP
 D = Non-vault monster count
 E = Vault monster count
 F = Vault count percentage of total count
                 A         B        C        D         E       F
            +---------+---------+-------+---------+---------+-------
      Total |    2223 |     401 |  15.3 |     144 |      35 |  19.6
            +---------+---------+-------+---------+---------+-------
        D:1 |      55 |       0 |   0.0 |      21 |       0 |   0.0
        D:2 |      99 |       0 |   0.0 |      22 |       0 |   0.0
        D:3 |     147 |     227 |  60.7 |      30 |       1 |   3.2
        D:4 |     165 |       6 |   3.5 |      18 |       3 |  14.3
        D:5 |     828 |     168 |  16.9 |      18 |      31 |  63.3
        D:6 |     587 |       0 |   0.0 |      19 |       0 |   0.0
        D:7 |     342 |       0 |   0.0 |      16 |       0 |   0.0
            +---------+---------+-------+---------+---------+-------
